 Seeded DCSS version 0.30-a0-210-g01b79a254e (webtiles) character file.

Game seed: 8047077875668057139 (custom seed)

14 valliere the Insei (level 2, -1/18 HPs)
             Began as an Octopode Transmuter on Oct 4, 2022.
             Was an Initiate of Ashenzari.
             Slain by a ball python (3 damage)
             ... on level 1 of the Dungeon.
             The game lasted 00:01:19 (264 turns).

valliere the Insei (Octopode Transmuter)             Turns: 264, Time: 00:01:21

Health: -1/18      AC:  1    Str:  9    XL:     2   Next: 41%
Magic:  4/5        EV: 13    Int: 15    God:    Ashenzari [......]
Gold:   21         SH:  0    Dex: 12    Spells: 4/5 levels left

rFire   . . .      SeeInvis .      - Unarmed
rCold   . . .      Faith    .    (no shield)
rNeg    . . .      Spirit   .    (helmet currently unavailable)
rPois   .          Reflect  .    b - amulet "I Knew You'd Do That" {Regen+, Range, Alch} (curse)
rElec   .          Harm     .    (no ring)
rCorr   .          Rampage  .    (no ring)
Will    .....                    (no ring)
Stlth   ++........               (no ring)
HPRegen 1.03/turn                (no ring)
MPRegen 0.09/turn                (no ring)
                                 (no ring)
                                 (no ring)

@: appendages (expiring)
A: tentacle spike 3, almost no armour, amphibious, 8 rings, camouflage 1,
gelatinous body 1, (nimble swimmer 1), tentacles
a: End Transformation, Renounce Religion, Shatter the Chains


You were on level 1 of the Dungeon.
You worshipped Ashenzari.
Ashenzari was noncommittal.
One of your tentacles had grown a beastly spike.
You visited 1 branch of the dungeon, and saw 1 of its levels.

You collected 21 gold pieces.

Inventory:

Jewellery
 b - the cursed amulet "I Knew You'd Do That" (around mantle) {Regen+, Range, Alch}
   (You found it on level 1 of the Dungeon)

   [amulet of regeneration]

   Regen:     It increases your rate of health regeneration.
   It has a curse which improves the following skills: Ranged Combat: Ranged
   Weapons and Throwing.
   Alchemy:   Poison Magic and Transmutations.
Potions
 a - a potion of lignification
 c - a potion of heal wounds {unknown}
 d - a potion of invisibility {unknown}


   Skills:
 + Level 1.1 Fighting
 + Level 2.1 Dodging
 + Level 0.7 Stealth
 * Level 3.2 Unarmed Combat
 - Level 2.0 Spellcasting
 * Level 2.3(2.7) Transmutations


You had 4 spell levels left.
You knew the following spells:

 Your Spells              Type           Power      Damage    Failure   Level
a - Beastly Appendage     Tmut           18%        N/A       8%          1

Your spell library contained the following spells:

 Spells                   Type           Power      Damage    Failure   Level
 Wereblood                Tmut           9%         N/A       11%         2
 Spider Form              Tmut/Pois      5%         N/A       36%         3
 Ice Form                 Ice/Tmut       5%         N/A       77%         4


Dungeon Overview and Level Annotations

Branches:
Dungeon (1/15)

Altars:
Ashenzari


Innate Abilities, Weirdness & Mutations

One of your tentacles has grown a beastly spike.
You cannot wear most types of armour.
You are amphibious.
You can wear up to eight rings at the same time.
Your skin changes colour to match your surroundings (Stealth+).
Your rubbery body absorbs attacks. (AC +1, EV +1)
((You are camouflaged when in or above water. (Stealth+)))
You have tentacles for arms and can constrict up to eight enemies at once.


Message History

The endoplasm quivers.
The bat misses you.
A ball python comes into view.
The endoplasm completely misses you. The jackal closely misses you.
The ball python hisses angrily.
You tentacle-slap the endoplasm but do no damage.
The endoplasm hits you. The jackal bites you. x2
You tentacle-slap the endoplasm. x2
You kill the endoplasm!
The bat closely misses you. The jackal bites you. The jackal barely misses you.
You barely miss the ball python. You grab the ball python.
You tentacle-slap the ball python, but do no damage.
You constrict the ball python, but do no damage.
The bat hits you but does no damage. The jackal closely misses you.
The jackal bites you.
A kobold comes into view. It is wielding a +0 short sword.
The ball python completely misses you. The ball python grabs you.
The ball python constricts you.
You miss the jackal. Your grab misses the jackal.
Your transformation is almost over.
You constrict the ball python. The bat barely misses you.
The jackal bites you but does no damage. x2
The jackal bites you. The ball python bites you.
The ball python constricts you.
* * * LOW HITPOINT WARNING * * *
The jackal bites you.
* * * LOW HITPOINT WARNING * * *
You escape the ball python's grasp.
You release your grip on the ball python.
The bat completely misses you. The jackal attacks as you move away!
The jackal barely misses you.
The ball python barely misses you. x2; The jackal bites you.
* * * LOW HITPOINT WARNING * * *
You barely miss the ball python. Your grab misses the ball python.
The ball python is moderately wounded.
The jackal bites you but does no damage.
The jackal bites you.
* * * LOW HITPOINT WARNING * * *
The ball python bites you.
You die...

..†........# ###.###.####...
[..#.....#.# ###.. #.# ####
.........#.# ...#####..
....###### # ....! ... ....#
#...# #.. ....# #...# #.## ....#
#BK.# #.######## ....# ##
####S..# #......... ....# ..##.
#..@hb.###......... ....#......
#..#h..............
#+#.#...........#...............
#.#.#..###.###..#..##....†..##
#.#...#...#...##..#......##.#
#.#...#...#...#...#......# #
.....###..#...#..###.....#
.#..#...#..###..#...#....#
..†.#...#...#...#...#.......


You could see 2 jackals, a giant cockroach, a bat, a ball python and a kobold.

Vanquished Creatures
  2 endoplasms (D:1)
  3 giant cockroaches (D:1)
  A hobgoblin (D:1)
  A jackal (D:1)
  2 ball pythons (D:1)
  A bat (D:1)
  A frilled lizard (D:1)
  A rat (D:1)
12 creatures vanquished.

Notes
Turn   | Place    | Note
-------+----------+-------------------------------------------
     0 | D:1      | valliere the Octopode Transmuter began the quest for the
                  | Orb.
     0 | D:1      | Reached XP level 1. HP: 13/13 MP: 3/3
   121 | D:1      | Found a faded altar of an unknown god.
   134 | D:1      | Reached XP level 2. HP: 18/18 MP: 5/5
   144 | D:1      | Prayed at the altar of an unknown god.
   144 | D:1      | Became a worshipper of Ashenzari the Shackled
   264 | D:1      | Slain by a ball python

Illustrated notes

Levels and vault maps discovered:
D:1:      wander_arrival_lonely_grave, layout_basic,
          chequers_ecumenical_altar_simple, nicolae_titane

Action                   || total
-------------------------++-------
Melee: Unarmed           ||    33
       Constrict         ||     7
       Tentacles         ||     3
       Punch             ||     2
 Cast: Beastly Appendage ||     1
Invok: Curse Item        ||     1
 Stab: Sleeping          ||     3
Armor: Skin              ||     8
Dodge: Dodged            ||    31

Table legend: (Time is in decaauts)
 A = Elapsed time spent in this place.
 B = Non-inter-level travel time spent in this place.
 C = Inter-level travel time spent in this place.
 D = Time resting spent in this place.
 E = Time spent auto-exploring this place.
 F = Levels seen in this place.
 G = Mean time per level.
                   A        B        C        D        E       F      G
               +--------+--------+--------+--------+--------+-----+--------+
         Total |    262 |    262 |      0 |      0 |    156 |   1 |  262.0 |
       Dungeon |    262 |    262 |      0 |      0 |    156 |   1 |  262.0 |
               +--------+--------+--------+--------+--------+-----+--------+

Top non-repeatable levels by time:
     D:1: 262 daAuts
